[Event "Titled Tuesday Blitz July 11 Early 2023"]
[White "rikchessmx"]
[Black "Domingo Nunez, Alejandro"]
[BlackFideId "22245561"]
[WhiteElo "2229"]
[BlackElo "2563"]
[Result "0-1"]
[Round "1"]
[TimeControl "180+2"]
[Date "2023.07.11"]
[WhiteClock "0:00:00"]
[BlackClock "0:00:10"]
[Board "179"]

1. e4 g6 2. d4 Bg7 3. Nc3 c6 4. f3 d5 5. Be3 dxe4 6. fxe4 e5 7. d5 Nf6 8. h3 O-O 9. Nf3 cxd5 10. exd5 e4 11. Nh2 Nh5 12. Qd2 Ng3 13. Rg1 Nf5 14. Bg5 Qd6 15. Ng4 Re8 16. O-O-O a6 17. Nh6+ Bxh6 18. Bxh6 e3 19. Bxe3 Rxe3 20. g4 Rg3 21. Rxg3 Nxg3 22. Bc4 Bd7 23. Qh2 Ne4 24. Qxd6 Nxd6 25. Bd3 b5 26. Re1 Kf8 27. Ne4 Nxe4 28. Bxe4 Ra7 29. b3 Rc7 30. Kd2 Be8 31. Kd3 Re7 32. c4 bxc4+ 33. bxc4 Re5 34. Kd4 f6 35. Rf1 Ke7 36. c5 Bb5 37. d6+ Kd7 38. Ra1 Nc6+ 39. Ke3 f5 40. a4 Rxe4+ 41. Kf3 Bxa4 42. gxf5 gxf5 43. Rg1 Ne5+ 44. Kf2 Rc4 45. Rg7+ Ke6 46. Rc7 Nd3+ 47. Ke3 Nxc5 48. Re7+ Kd5 49. Rxh7 Re4+ 50. Kf3 Kxd6 51. Rh6+ Ne6 52. h4 Ke5 53. Rh8 Rf4+ 54. Ke3 Rg4 55. h5 Rg3+ 56. Kf2 Kf4 57. h6 Rh3 58. h7 Ng5 0-1


[Site "https://www.chess.com"]

[Event "Titled Tuesday Blitz July 11 Early 2023"]
[White "Aggelis, Nikolaos"]
[Black "Ruge, Edison"]
[WhiteFideId "4213220"]
[BlackFideId "4401000"]
[WhiteElo "2563"]
[BlackElo "2227"]
[Result "1-0"]
[Round "1"]
[TimeControl "180+2"]
[Date "2023.07.11"]
[WhiteClock "0:01:28"]
[BlackClock "0:01:26"]
[Board "180"]

1. c4 e5 2. Nc3 Nc6 3. g3 f5 4. Bg2 Nf6 5. e3 Bb4 6. Nge2 O-O 7. a3 Bxc3 8. Nxc3 d6 9. O-O Kh8 10. b4 Ne7 11. d3 Ng6 12. Ne2 c6 13. Bb2 Qe7 14. b5 Bd7 15. a4 Rab8 16. Qb3 c5 17. Rfe1 Ng4 18. h3 Nh6 19. f4 Nf7 20. Nc3 Be6 21. Nd5 Bxd5 22. Bxd5 h5 23. Qd1 h4 24. Qh5+ Nh6 25. Qxg6 hxg3 26. Qxg3 Rbe8 27. Kh2 Qf6 28. Rg1 Kh7 29. Rg2 Re7 30. Rag1 exf4 31. exf4 1-0


[Site "https://www.chess.com"]

[Event "Titled Tuesday Blitz July 11 Early 2023"]
[White "Larina, Maria"]
[Black "Arencibia Monduy, Antonio"]
[WhiteFideId "24113182"]
[BlackFideId "3507939"]
[WhiteElo "2221"]
[BlackElo "2563"]
[Result "0-1"]
[Round "1"]
[TimeControl "180+2"]
[Date "2023.07.11"]
[WhiteClock "0:00:17"]
[BlackClock "0:02:01"]
[Board "181"]

1. e4 e6 2. d4 d5 3. Nc3 dxe4 4. Nxe4 Nd7 5. Nf3 Ngf6 6. Bg5 Be7 7. Nxf6+ Nxf6 8. c3 O-O 9. Bd3 b6 10. Qe2 Bb7 11. O-O-O c5 12. dxc5 Qc7 13. h4 Qxc5 14. Kb1 b5 15. Bxf6 Bxf6 16. Bxh7+ Kxh7 17. Ng5+ Kg8 18. Qh5 Qf5+ 19. Ka1 Qg6 20. Qxg6 fxg6 21. Nxe6 Rfe8 22. Nf4 g5 23. Nd5 Bxd5 24. Rxd5 gxh4 25. Rxb5 Re2 26. Rf1 Rd8 27. Rb7 Rxf2 28. Rg1 Rxg2 29. Re1 h3 30. Rxa7 h2 0-1


[Site "https://www.chess.com"]

[Event "Titled Tuesday Blitz July 11 Early 2023"]
[White "Orlov, Georgi"]
[Black "Kiselev, Pavel"]
[WhiteFideId "2011271"]
[BlackFideId "4191102"]
[WhiteElo "2561"]
[BlackElo "2219"]
[Result "1/2-1/2"]
[Round "1"]
[TimeControl "180+2"]
[Date "2023.07.11"]
[WhiteClock "0:00:31"]
[BlackClock "0:00:26"]
[Board "182"]

1. c4 Nf6 2. Nc3 e6 3. d3 d5 4. Qb3 c6 5. Nf3 Be7 6. g3 O-O 7. Bg2 Nbd7 8. O-O b6 9. Bf4 Bb7 10. Rac1 Nc5 11. Qc2 Bd6 12. Bxd6 Qxd6 13. b4 Ncd7 14. a3 Rac8 15. e4 d4 16. Nb1 c5 17. b5 e5 18. Nbd2 Ne8 19. Bh3 Rd8 20. Rfe1 g6 21. a4 Ng7 22. a5 f5 23. a6 Ba8 24. Re2 fxe4 25. Rxe4 Bxe4 26. Nxe4 Qc7 27. Kg2 Nf6 28. Nxf6+ Rxf6 29. Ng5 Rdf8 30. Ne4 R6f7 31. Rg1 Nf5 32. Re1 Qe7 33. Qd2 Nd6 34. Nxd6 Qxd6 35. Re2 Qf6 36. Kg1 Re7 37. Bg2 Kg7 38. Qe1 Rfe8 39. Bc6 Rf8 40. f4 e4 41. Rxe4 Rxe4 42. Qxe4 Rf7 43. Qf3 Re7 44. Be4 Qe6 45. Kg2 Qf6 46. h4 h5 47. Kh2 Kh6 48. Kg2 Kg7 49. Kh3 Qe6+ 50. Kg2 Qf6 1/2-1/2


[Site "https://www.chess.com"]

[Event "Titled Tuesday Blitz July 11 Early 2023"]
[White "Wang2007"]
[Black "Bruedigam, Martin"]
[BlackFideId "24608033"]
[WhiteElo "2218"]
[BlackElo "2560"]
[Result "0-1"]
[Round "1"]
[TimeControl "180+2"]
[Date "2023.07.11"]
[WhiteClock "0:00:00"]
[BlackClock "0:00:14"]
[Board "183"]

1. d4 Nf6 2. c4 g6 3. Nf3 Bg7 4. g3 O-O 5. Bg2 c6 6. O-O d5 7. cxd5 cxd5 8. Nc3 Ne4 9. Ne5 Nxc3 10. bxc3 e6 11. Ba3 Re8 12. Rb1 Qa5 13. Bb4 Qc7 14. Nd3 Bd7 15. e4 dxe4 16. Bxe4 Bc6 17. Qe2 Nd7 18. Rfc1 Rac8 19. Ba3 Nb6 20. Nc5 e5 21. Bxc6 Qxc6 22. Qb5 Qf3 23. Qd3 Qxd3 24. Nxd3 exd4 25. cxd4 Bxd4 26. Bc5 Bxc5 27. Rxc5 Rxc5 28. Nxc5 Re7 29. Kf1 Rc7 30. Rb5 Kf8 31. a4 Ke7 32. a5 Nc4 33. Nxb7 a6 34. Rb4 Kd7 35. Ke2 Kc8 36. Rxc4 Kxb7 37. Rb4+ Ka7 38. Kd3 Rc5 39. Ra4 Rf5 40. f4 h5 41. Kd4 Kb7 42. Rb4+ Kc7 43. Rc4+ Kd7 44. Rc5 Kd6 45. Rxf5 gxf5 46. h4 Kc6 47. Kc4 Kd6 48. Kd4 f6 49. Kc4 Kc6 50. Kd4 Kb5 51. Kd5 Kxa5 52. Ke6 Kb5 53. Kxf5 a5 54. Kxf6 a4 55. Kg6 a3 56. f5 a2 57. f6 a1=Q 58. f7 Qh8 0-1


[Site "https://www.chess.com"]

[Event "Titled Tuesday Blitz July 11 Early 2023"]
[White "Adla, Diego"]
[Black "Peiris, T G M"]
[WhiteFideId "100072"]
[BlackFideId "9901310"]
[WhiteElo "2558"]
[BlackElo "2210"]
[Result "0-1"]
[Round "1"]
[TimeControl "180+2"]
[Date "2023.07.11"]
[WhiteClock "0:00:00"]
[BlackClock "0:00:17"]
[Board "184"]

1. e4 c5 2. Nf3 d6 3. d4 cxd4 4. Nxd4 a6 5. Nc3 e6 6. Be3 Qc7 7. Qd2 Nf6 8. f3 Be7 9. O-O-O b5 10. Kb1 O-O 11. g4 Bb7 12. h4 Nc6 13. g5 Nd7 14. h5 Nde5 15. Bg2 Nc4 16. Qe2 Nxe3 17. Qxe3 Qb6 18. Qg1 Nxd4 19. Qxd4 Qxd4 20. Rxd4 Bxg5 21. Rxd6 Rfd8 22. Rhd1 Kf8 23. f4 Bxf4 24. Rxd8+ Rxd8 25. Rxd8+ Ke7 26. Rh8 h6 27. Rh7 Be5 28. Ne2 f5 29. Rh8 f4 30. Bf3 Bc7 31. Rg8 Kf7 32. Rh8 e5 33. Kc1 a5 34. Kd2 b4 35. c3 Bb6 36. Rb8 Be3+ 37. Kc2 Bc6 38. cxb4 axb4 39. Rxb4 Kf6 40. Nc3 Kg5 41. Nd5 Bd4 42. a4 Be8 43. a5 Bf2 44. Nc3 Kh4 45. a6 Kg3 46. Be2 f3 47. Bd1 Bg1 48. a7 Bxa7 49. Rb7 Bd4 50. Rxg7+ Kf4 51. Ne2+ fxe2 52. Bxe2 Bc6 53. Rc7 Bxe4+ 0-1


[Site "https://www.chess.com"]

[Event "Titled Tuesday Blitz July 11 Early 2023"]
[White "SicilianPanzer"]
[Black "Principe, Gerson"]
[BlackFideId "3804550"]
[WhiteElo "2207"]
[BlackElo "2557"]
[Result "1-0"]
[Round "1"]
[TimeControl "180+2"]
[Date "2023.07.11"]
[WhiteClock "0:00:10"]
[BlackClock "0:00:00"]
[Board "185"]

1. e4 c5 2. Nf3 e6 3. b3 Nc6 4. Bb2 d5 5. exd5 exd5 6. Bb5 Nf6 7. O-O Be7 8. d4 O-O 9. h3 a6 10. Bxc6 bxc6 11. dxc5 Bxc5 12. Nc3 Bf5 13. Ne2 Bd6 14. Rc1 Be6 15. Ng5 h6 16. Bxf6 Qxf6 17. Ne4 Qe7 18. Nxd6 Qxd6 19. Qd3 Rfd8 20. Rfd1 c5 21. Nc3 d4 22. Na4 Bd7 23. Nb2 Bb5 24. Qf3 Bc6 25. Qg4 Qd5 26. c4 Qd6 27. Nd3 Rac8 28. Re1 Bb7 29. Re2 Re8 30. Rce1 Rxe2 31. Qxe2 Bc6 32. f3 Re8 33. Qf2 Re6 34. Rxe6 fxe6 35. Qe1 Kf7 36. Qe5 Qd7 37. Qxc5 1-0


[Site "https://www.chess.com"]

[Event "Titled Tuesday Blitz July 11 Early 2023"]
[White "Mattheii"]
[Black "La Villa Rivas, Marlon Javier"]
[BlackFideId "3519546"]
[WhiteElo "2557"]
[BlackElo "2207"]
[Result "0-1"]
[Round "1"]
[TimeControl "180+2"]
[Date "2023.07.11"]
[WhiteClock "0:00:05"]
[BlackClock "0:00:52"]
[Board "186"]

1. d4 Nf6 2. c4 c5 3. d5 b5 4. cxb5 a6 5. b6 g6 6. Nc3 d6 7. e4 Bg7 8. Nf3 O-O 9. Nd2 Nbd7 10. Be2 Rb8 11. O-O Rxb6 12. Qc2 Ne5 13. h3 e6 14. f4 Ned7 15. Nc4 exd5 16. Nxb6 Nxb6 17. exd5 Nfxd5 18. Nxd5 Nxd5 19. Bd2 Bf5 20. Bd3 Bd4+ 21. Kh2 Bd7 22. Be4 Nf6 23. Bd3 Nh5 24. Bc3 Be3 25. f5 Qh4 26. Rf3 Bf4+ 27. Kg1 Ng3 28. Qf2 g5 29. Re1 Bc6 30. Rxf4 gxf4 31. b3 Qg5 32. Ba1 Nxf5 33. Qb2 Nd4 34. Rf1 f3 35. g4 Qe3+ 36. Kh2 Qxd3 37. Qf2 Qe2 38. Bxd4 cxd4 39. Kg3 Qxf2+ 40. Kxf2 Re8 41. Rd1 Re2+ 42. Kf1 Rxa2 43. Rxd4 Bb5+ 0-1


[Site "https://www.chess.com"]

[Event "Titled Tuesday Blitz July 11 Early 2023"]
[White "Thiel, Thomas"]
[Black "Thecourseoisildur"]
[WhiteFideId "4615964"]
[WhiteElo "2205"]
[BlackElo "2557"]
[Result "0-1"]
[Round "1"]
[TimeControl "180+2"]
[Date "2023.07.11"]
[WhiteClock "0:00:26"]
[BlackClock "0:00:06"]
[Board "187"]

1. e4 c5 2. Nc3 Nc6 3. Bb5 Nd4 4. Bc4 e6 5. Nge2 a6 6. d3 b5 7. Bb3 Bb7 8. O-O d6 9. Nxd4 cxd4 10. Ne2 Qb6 11. f4 Nf6 12. f5 e5 13. Bg5 Be7 14. Bxf6 Bxf6 15. Ng3 Ke7 16. Nh5 a5 17. a4 bxa4 18. Bxa4 Bc6 19. Nxf6 gxf6 20. b3 Bxa4 21. Rxa4 Rac8 22. Qd2 Rc5 23. Rfa1 Rhc8 24. Rc4 Rxc4 25. bxc4 Ra8 26. Qc1 a4 27. Rb1 Qa6 28. Qa3 Qa5 29. h3 Qc5 30. Rb4 Kf8 31. Kh2 Kg7 32. c3 dxc3 33. Qxc3 a3 34. Rb1 a2 35. Ra1 Qd4 36. Qxd4 exd4 37. Kg3 Kh6 38. Kf4 Ra3 39. h4 Kg7 40. g4 h6 41. h5 Kf8 42. c5 dxc5 43. e5 fxe5+ 44. Kxe5 c4 45. Kxd4 cxd3 46. Ke3 Kg7 47. Kd2 Kf6 48. Kc1 Kg5 49. Kb2 Ra7 50. Kc3 Kxg4 51. Kxd3 Kxf5 0-1


[Site "https://www.chess.com"]

[Event "Titled Tuesday Blitz July 11 Early 2023"]
[White "Yurovskykh, Oleksandr"]
[Black "Sariego Figueredo, Wilfredo"]
[WhiteFideId "14134020"]
[BlackFideId "3500080"]
[WhiteElo "2557"]
[BlackElo "2203"]
[Result "1/2-1/2"]
[Round "1"]
[TimeControl "180+2"]
[Date "2023.07.11"]
[WhiteClock "0:00:06"]
[BlackClock "0:01:05"]
[Board "188"]

1. d4 d5 2. Bf4 Nf6 3. e3 e6 4. Nd2 Bd6 5. Bg3 O-O 6. Bd3 c5 7. c3 Qc7 8. dxc5 Qxc5 9. Ngf3 Bxg3 10. hxg3 Nc6 11. e4 dxe4 12. Nxe4 Nxe4 13. Bxe4 h6 14. Qe2 b6 15. O-O-O Bb7 16. Bc2 Rfd8 17. Qe4 Kf8 18. Qe2 Ne7 19. Rxd8+ Rxd8 20. Rd1 Rxd1+ 21. Bxd1 Nf5 22. Bc2 Nd6 23. Bd3 Bd5 24. a3 Bc4 25. Bxc4 Nxc4 26. Nd2 Nxd2 27. Qxd2 Qg5 28. Qxg5 hxg5 29. Kd2 Ke7 30. Ke3 Kd6 31. Kd4 b5 32. g4 e5+ 33. Ke4 g6 34. b3 Ke6 35. f3 f5+ 36. Ke3 Kd5 37. gxf5 gxf5 38. g4 fxg4 39. fxg4 a5 40. Kd3 e4+ 41. Ke3 a4 42. bxa4 bxa4 43. c4+ Kxc4 44. Kxe4 Kb3 45. Kd3 Kxa3 46. Kc3 Ka2 47. Kc2 Ka3 48. Kc3 Ka2 49. Kc2 Ka1 50. Kc1 Ka2 51. Kc2 1/2-1/2


[Site "https://www.chess.com"]

[Event "Titled Tuesday Blitz July 11 Early 2023"]
[White "Schachpanda_Youtube"]
[Black "Vovk, Orest"]
[BlackFideId "14113490"]
[WhiteElo "2200"]
[BlackElo "2556"]
[Result "0-1"]
[Round "1"]
[TimeControl "180+2"]
[Date "2023.07.11"]
[WhiteClock "0:00:00"]
[BlackClock "0:00:58"]
[Board "189"]

1. e4 g5 2. d4 h6 3. Nc3 Bg7 4. f4 c5 5. d5 Bxc3+ 6. bxc3 d6 7. fxg5 Qa5 8. Qf3 hxg5 9. Bxg5 Nd7 10. a4 Ne5 11. Qg3 Nh6 12. Bb5+ Kd8 13. Ne2 Rg8 14. Qf4 Nhg4 15. O-O f6 16. Bh4 a6 17. h3 axb5 18. hxg4 Bxg4 19. Ng3 bxa4 20. Rab1 Kc7 21. Nf5 Bxf5 22. Qxf5 Qxc3 23. Qe6 Rg7 24. Bxf6 exf6 25. Rxf6 Rd7 26. Rf2 a3 27. Rf5 a2 0-1


[Site "https://www.chess.com"]

[Event "Titled Tuesday Blitz July 11 Early 2023"]
[White "Siniauski, Artsiom"]
[Black "Tagliata"]
[WhiteFideId "13512269"]
[WhiteElo "2556"]
[BlackElo "2195"]
[Result "1-0"]
[Round "1"]
[TimeControl "180+2"]
[Date "2023.07.11"]
[WhiteClock "0:00:16"]
[BlackClock "0:00:17"]
[Board "190"]

1. e4 c5 2. Nf3 Nc6 3. Bb5 e6 4. Bxc6 bxc6 5. d3 Ne7 6. h4 d6 7. h5 e5 8. h6 gxh6 9. Bxh6 Bxh6 10. Rxh6 Ng6 11. Nbd2 Qf6 12. Qe2 Bg4 13. O-O-O O-O-O 14. Rdh1 Kc7 15. Qe3 Qg7 16. g3 Rb8 17. Ng5 Nf8 18. Nc4 f6 19. Nf3 Ne6 20. Nfd2 d5 21. Na5 Nd4 22. f3 Bd7 23. exd5 cxd5 24. f4 Nf5 25. Qxc5+ Kd8 26. R6h2 Nxg3 27. Re1 exf4 28. Qxa7 Kc8 29. Qc5+ Kd8 30. Nf3 Rb5 31. Qa7 Kc8 32. Nd4 Rb8 33. Qc5+ Kd8 34. Nac6+ Bxc6 35. Ne6+ Kd7 36. Nxg7 Rhf8 37. Re7+ 1-0


[Site "https://www.chess.com"]

[Event "Titled Tuesday Blitz July 11 Early 2023"]
[White "Matute Escobar, Roxanny"]
[Black "musclemonster12"]
[WhiteFideId "3926028"]
[WhiteElo "2190"]
[BlackElo "2556"]
[Result "1/2-1/2"]
[Round "1"]
[TimeControl "180+2"]
[Date "2023.07.11"]
[WhiteClock "0:00:17"]
[BlackClock "0:00:32"]
[Board "191"]

1. e4 c5 2. Nf3 d6 3. d4 cxd4 4. Nxd4 Nf6 5. Nc3 Nc6 6. Be3 e5 7. Nb3 Be6 8. f3 d5 9. exd5 Nxd5 10. Nxd5 Qxd5 11. Qxd5 Bxd5 12. O-O-O O-O-O 13. Nc5 Be7 14. c4 Bxc5 15. Bxc5 Be6 16. Bd3 b6 17. Bf2 Nb4 18. Be4 Nxa2+ 19. Kb1 Nb4 20. b3 Rxd1+ 21. Rxd1 f5 22. Bc2 Rd8 23. Rxd8+ Kxd8 24. Bg3 Nc6 25. Kb2 Kd7 26. Kc3 g6 27. Bf2 Bf7 28. b4 Ke6 29. Ba4 Be8 30. c5 bxc5 31. Bxc5 a6 32. Bb3+ Kd7 33. Bc4 Nb8 34. Ba7 Nc6 35. Bc5 Nb8 36. Ba7 Nc6 37. Bc5 1/2-1/2


[Site "https://www.chess.com"]

[Event "Titled Tuesday Blitz July 11 Early 2023"]
[White "Malyi, Viacheslav"]
[Black "Atanasov, Radislav"]
[WhiteFideId "14123983"]
[BlackFideId "2901471"]
[WhiteElo "2554"]
[BlackElo "2185"]
[Result "1/2-1/2"]
[Round "1"]
[TimeControl "180+2"]
[Date "2023.07.11"]
[WhiteClock "0:00:22"]
[BlackClock "0:00:28"]
[Board "192"]

1. e4 e5 2. Nf3 Nc6 3. Bb5 a6 4. Ba4 Nf6 5. O-O Nxe4 6. d4 b5 7. Bb3 d5 8. dxe5 Be6 9. Nbd2 Nc5 10. c3 d4 11. Ng5 Qxg5 12. Qf3 O-O-O 13. Bxe6+ fxe6 14. Qxc6 Qxe5 15. Nf3 Qd5 16. Nxd4 e5 17. Qxd5 Rxd5 18. Nf3 e4 19. Ng5 Be7 20. Nh3 Nd3 21. Rb1 Nxc1 22. Rfxc1 Rd2 23. Kf1 Bc5 24. Rd1 Rhd8 25. Ke1 e3 26. Rxd2 Rxd2 27. g3 Kb7 28. a3 Kc6 29. b4 Bb6 30. Rd1 Rc2 31. fxe3 Bxe3 32. Rd3 Bb6 33. Ng5 Rxh2 34. Nf3 Rg2 35. Kf1 Rf2+ 36. Ke1 Ra2 37. Ne5+ Kb7 38. Rd7 Bf2+ 39. Kd1 Bxg3 40. Nf7 Rxa3 41. Kc2 Ra2+ 42. Kb3 Rf2 43. Re7 h5 44. Nd8+ Kc8 45. Ne6 h4 46. Rxg7 Be5 47. Rh7 Rh2 48. Nc5 Kd8 49. Ne6+ Ke8 50. Ng5 Rg2 51. Nf3 Bf6 52. Rh6 Kf7 53. Nxh4 Rg3 54. Rh7+ Ke6 55. Rxc7 Bxh4 56. Rc6+ Kd5 57. Rxa6 Rf3 58. Rb6 Bf6 59. Rxb5+ Kc6 60. Rc5+ Kb6 61. Rc4 Rxc3+ 62. Rxc3 Bxc3 63. Kxc3 Kb5 64. Kb3 Kb6 65. Kc4 Kc6 66. b5+ Kb6 67. Kb4 Kb7 68. Kc5 Kc7 69. Kb4 Kb6 70. Ka4 Kb7 71. Ka5 Ka7 72. b6+ Kb7 73. Kb5 Kb8 74. Kc5 Kb7 75. Kb5 Kb8 76. Ka6 Ka8 77. Ka5 Kb7 78. Kb5 1/2-1/2


[Site "https://www.chess.com"]

[Event "Titled Tuesday Blitz July 11 Early 2023"]
[White "Mishra, Manoj"]
[Black "Borrmann, Laurenz"]
[WhiteFideId "5006007"]
[BlackFideId "312187930"]
[WhiteElo "2179"]
[BlackElo "2553"]
[Result "0-1"]
[Round "1"]
[TimeControl "180+2"]
[Date "2023.07.11"]
[WhiteClock "0:00:10"]
[BlackClock "0:01:10"]
[Board "193"]

1. d4 f5 2. e4 fxe4 3. Nc3 Nf6 4. Bg5 Nc6 5. d5 Ne5 6. Bxf6 exf6 7. Nxe4 Nf7 8. Qe2 Be7 9. O-O-O O-O 10. h4 f5 11. Ng3 Nd6 12. h5 a5 13. Nh3 b6 14. Kb1 a4 15. a3 Bf6 16. Nf4 Ba6 17. Qf3 Bxf1 18. Nxf1 b5 19. Ne3 Qb8 20. g4 b4 21. Nxf5 bxa3 22. Qxa3 Nc4 23. Qa2 Nxb2 24. Kc1 d6 25. g5 Bxg5 26. Qxb2 Bxf4+ 27. Kb1 a3 28. Qxb8 Rfxb8+ 29. Ka1 Rb2 30. h6 Rxc2 31. Nd4 Be5 32. hxg7 a2 33. f4 Rc1+ 34. Kb2 a1=Q+ 0-1


[Site "https://www.chess.com"]

[Event "Titled Tuesday Blitz July 11 Early 2023"]
[White "NovoselovRoman"]
[Black "Dargan, Paul A G"]
[BlackFideId "416762"]
[WhiteElo "2552"]
[BlackElo "2176"]
[Result "1-0"]
[Round "1"]
[TimeControl "180+2"]
[Date "2023.07.11"]
[WhiteClock "0:01:13"]
[BlackClock "0:00:32"]
[Board "194"]

1. e4 c5 2. Nc3 Nc6 3. g3 g6 4. Bg2 Bg7 5. d3 d6 6. Be3 e5 7. Qd2 Rb8 8. a4 a6 9. f4 Nd4 10. Nf3 Bh3 11. O-O Bxg2 12. Kxg2 Ne7 13. fxe5 dxe5 14. Bh6 O-O 15. Bxg7 Kxg7 16. Nxe5 f6 17. Ng4 Ng8 18. Nd5 h5 19. Nge3 b5 20. axb5 axb5 21. Ra7+ Rf7 22. Rxf7+ Kxf7 23. c3 Ne6 24. Nxf6 Nxf6 25. Nd5 Kg7 26. Rxf6 Nf8 27. Qf4 Rb7 28. Rd6 Rd7 29. Qe5+ Kh6 30. Qh8+ Rh7 31. Qxh7+ 1-0


[Site "https://www.chess.com"]

[Event "Titled Tuesday Blitz July 11 Early 2023"]
[White "Novikova, Margarita"]
[Black "AyMitecK"]
[WhiteFideId "14109689"]
[WhiteElo "2173"]
[BlackElo "2551"]
[Result "0-1"]
[Round "1"]
[TimeControl "180+2"]
[Date "2023.07.11"]
[WhiteClock "0:00:00"]
[BlackClock "0:00:44"]
[Board "195"]

1. e4 e6 2. d4 d5 3. exd5 exd5 4. Bd3 Nc6 5. Be3 Bd6 6. h3 Nge7 7. Ne2 Be6 8. c3 Qd7 9. Nf4 Bf5 10. Bxf5 Qxf5 11. Qg4 O-O 12. Nh5 Qxg4 13. hxg4 Ng6 14. Nd2 Rfe8 15. O-O Re6 16. Rfe1 Rae8 17. Nf1 Nh4 18. Bd2 Rxe1 19. Rxe1 Rxe1 20. Bxe1 Ne7 21. f3 Nhg6 22. Bg3 Nc8 23. Bxd6 Nxd6 24. Nd2 f6 25. Kf2 Kf7 26. Ng3 Nf4 27. b3 Nb5 28. Nb1 a5 29. a4 Nd6 30. Ne2 Ne6 31. g3 c5 32. dxc5 Nxc5 33. Nd2 b5 34. axb5 Nxb5 35. c4 dxc4 36. bxc4 Nd6 37. Nc3 a4 38. Ke3 a3 39. Na2 Ke6 40. Kd4 Na4 41. c5 Nf7 42. Nc4 Ne5 43. Nxe5 fxe5+ 44. Kc4 Nb2+ 45. Kb3 Nd3 46. Kxa3 Nxc5 47. Kb4 Nd3+ 48. Kc3 Ne1 49. f4 exf4 50. gxf4 Kd5 51. Kd2 Ng2 52. f5 Ke4 53. Ke2 Kf4 54. Kf2 Ne3 55. Nc3 Nxg4+ 56. Kg2 Kxf5 57. Ne2 Kg5 58. Ng3 h5 59. Ne4+ Kf4 60. Nd6 g6 61. Nf7 Ne3+ 62. Kh3 Nf5 63. Nd8 Ke5 64. Nc6+ Kf6 65. Nd4 Nxd4 0-1


[Site "https://www.chess.com"]

[Event "Titled Tuesday Blitz July 11 Early 2023"]
[White "Guliev, Logman"]
[Black "Hernandez Bermudez, Ulises Eduardo"]
[WhiteFideId "13400061"]
[BlackFideId "3902510"]
[WhiteElo "2551"]
[BlackElo "2168"]
[Result "1-0"]
[Round "1"]
[TimeControl "180+2"]
[Date "2023.07.11"]
[WhiteClock "0:00:59"]
[BlackClock "0:00:12"]
[Board "196"]

1. e4 e6 2. d4 d5 3. Nc3 dxe4 4. Nxe4 Nd7 5. Nf3 Ngf6 6. Nxf6+ Nxf6 7. Bg5 Be7 8. Bd3 O-O 9. Qe2 Qd5 10. O-O h6 11. Bh4 Rd8 12. c4 Qh5 13. d5 c6 14. dxc6 bxc6 15. Rfe1 c5 16. Bg3 Bb7 17. Ne5 Qxe2 18. Bxe2 Ne4 19. Bf3 Nxg3 20. Bxb7 Rab8 21. Nc6 Rxb7 22. Nxd8 Bxd8 23. hxg3 Rxb2 24. Reb1 Rc2 25. Rb8 Rd2 26. Kf1 Kf8 27. Ke1 Rd4 28. Rd1 Rxd1+ 29. Kxd1 Ke7 30. Kc2 Bb6 31. Rb7+ Kf6 32. Kb3 g5 33. Ka4 h5 34. Kb5 Kg6 35. a4 Bd8 36. Kxc5 f5 37. Kd6 f4 38. gxf4 g4 39. g3 Kf6 40. Rh7 Kg6 41. Rh8 Bb6 42. c5 1-0


[Site "https://www.chess.com"]

[Event "Titled Tuesday Blitz July 11 Early 2023"]
[White "Hartikainen, Jarmo"]
[Black "Ambartsumova, Karina"]
[WhiteFideId "503134"]
[BlackFideId "4166299"]
[WhiteElo "2160"]
[BlackElo "2551"]
[Result "0-1"]
[Round "1"]
[TimeControl "180+2"]
[Date "2023.07.11"]
[WhiteClock "0:00:04"]
[BlackClock "0:00:28"]
[Board "197"]

1. e4 c5 2. c3 d5 3. exd5 Qxd5 4. d4 Nc6 5. Nf3 Bf5 6. Na3 cxd4 7. Nb5 O-O-O 8. cxd4 e5 9. Nc3 Bb4 10. Bd2 Bxc3 11. bxc3 exd4 12. cxd4 Nxd4 13. Nxd4 Qxd4 14. Rc1+ Kb8 15. Bf4+ Ka8 16. Qxd4 Rxd4 17. Be3 Rd8 18. Be2 Nf6 19. O-O Rc8 20. Bc4 Bg6 21. f3 Rhe8 22. Bf2 a6 23. a4 Nd7 24. a5 Ne5 25. Be2 Nc6 26. Bb6 Rxe2 27. Rfe1 Rce8 28. Rxe2 Rxe2 29. Rd1 Re8 30. Kf2 Bf5 31. g3 Be6 32. h4 Kb8 33. g4 Kc8 34. Kg3 h6 35. f4 g6 36. Rf1 Bd7 37. f5 gxf5 38. gxf5 Rg8+ 39. Kf4 Ne7 40. Rc1+ Kb8 41. f6 Nd5+ 42. Ke5 Nxb6 43. axb6 Bc6 44. Kd6 Re8 45. Rg1 Re6+ 46. Kc5 Kc8 47. Rg8+ Kd7 48. Rg7 Rxf6 49. Rh7 Rf5+ 50. Kd4 h5 51. Rh6 f6 52. Rh7+ Kd6 53. Rc7 Rf4+ 54. Kd3 Rxh4 55. Rf7 Ke6 56. Rh7 Rb4 57. Kc3 Rxb6 58. Rxh5 Rb5 59. Rh6 a5 60. Rh8 a4 61. Ra8 Rb3+ 62. Kc2 f5 63. Ra5 f4 64. Kd2 f3 65. Ke1 a3 66. Kf2 Rb2+ 67. Ke1 a2 68. Ra3 Rb1+ 69. Kf2 a1=Q 0-1


[Site "https://www.chess.com"]

[Event "Titled Tuesday Blitz July 11 Early 2023"]
[White "Horobetz, Graham"]
[Black "Ramu, K."]
[WhiteFideId "2047322"]
[BlackFideId "5006171"]
[WhiteElo "2550"]
[BlackElo "2156"]
[Result "1-0"]
[Round "1"]
[TimeControl "180+2"]
[Date "2023.07.11"]
[WhiteClock "0:00:16"]
[BlackClock "0:01:04"]
[Board "198"]

1. e4 c5 2. Nc3 d6 3. f4 g6 4. Nf3 Bg7 5. Bc4 Nc6 6. f5 Nf6 7. O-O O-O 8. fxg6 hxg6 9. h3 a6 10. a4 e6 11. d3 d5 12. Bb3 Rb8 13. Bg5 c4 14. exd5 cxb3 15. dxc6 bxc6 16. Kh1 bxc2 17. Qxc2 Qb6 18. Ne5 Nh5 19. Nc4 Ng3+ 20. Kh2 Nxf1+ 21. Rxf1 Qd4 22. Be7 Re8 23. Bd6 Rb7 24. Rf4 Qa7 25. Ba3 e5 26. Rf1 f5 27. Nd6 Rf8 28. Nxb7 Qxb7 29. Bxf8 Bxf8 30. Qe2 Bg7 31. Nd1 Qb4 32. Qc2 Bd7 33. Ne3 c5 34. b3 Bc6 35. Qc4+ Qxc4 36. Nxc4 e4 37. dxe4 Bxe4 38. Rd1 Bc2 39. Rd8+ Kh7 40. Rb8 Be5+ 41. Nxe5 f4 42. Kg1 g5 43. Rb6 Kg7 44. Kf2 Bd1 45. Nf3 c4 46. bxc4 Bxa4 47. Nxg5 Kf8 48. Ne6+ Kf7 49. Nc5 Bc2 50. Nxa6 Ke7 51. Nb4 Be4 52. Nd5+ 1-0


[Site "https://www.chess.com"]

[Event "Titled Tuesday Blitz July 11 Early 2023"]
[White "Lisjak, Zlatko"]
[Black "Bilan, Danila"]
[WhiteFideId "14502186"]
[BlackFideId "24161918"]
[WhiteElo "2149"]
[BlackElo "2550"]
[Result "1-0"]
[Round "1"]
[TimeControl "180+2"]
[Date "2023.07.11"]
[WhiteClock "0:00:29"]
[BlackClock "0:00:04"]
[Board "199"]

1. d4 d5 2. Nc3 Nf6 3. Bf4 c6 4. e3 g6 5. h4 h5 6. Qd2 Bg7 7. O-O-O b5 8. f3 Nbd7 9. Kb1 Nb6 10. b3 a5 11. Bd3 b4 12. Nce2 Bf5 13. Nh3 Nbd7 14. Nf2 Bxd3 15. Nxd3 Qb6 16. Rhe1 c5 17. dxc5 Nxc5 18. Nxc5 Qxc5 19. Be5 O-O 20. Qd4 Qc6 21. Nf4 Rfc8 22. Re2 e6 23. Bxf6 Bf8 24. Nxh5 gxh5 25. Qf4 Kh7 26. Qg5 Bh6 27. Qxh5 e5 28. Qxf7+ 1-0


[Site "https://www.chess.com"]

[Event "Titled Tuesday Blitz July 11 Early 2023"]
[White "Przybylski, Wojciech"]
[Black "HeinichessPY"]
[WhiteFideId "1117599"]
[WhiteElo "2550"]
[BlackElo "2144"]
[Result "1-0"]
[Round "1"]
[TimeControl "180+2"]
[Date "2023.07.11"]
[WhiteClock "0:00:49"]
[BlackClock "0:00:01"]
[Board "200"]

1. d4 Nf6 2. Qd3 d5 3. Nf3 g6 4. Bf4 Nc6 5. Nc3 Bf5 6. Qd2 Bg7 7. a3 O-O 8. e3 Ne4 9. Qc1 Nxc3 10. bxc3 e5 11. Nxe5 Nxe5 12. dxe5 Re8 13. Bd3 Bxe5 14. Bxe5 Rxe5 15. Rb1 b6 16. O-O Qh4 17. Rb4 Be4 18. f3 c5 19. g3 Qh5 20. Ra4 Bxf3 21. Rh4 Qg5 22. Rxf3 Rae8 23. Rhf4 f5 24. Kf2 c4 25. Bf1 Qe7 26. Qd2 Qxa3 27. Rd4 Qc5 28. g4 fxg4 29. Rxg4 a5 30. Qd4 a4 31. Qxc5 bxc5 32. Rg1 a3 33. Be2 d4 34. Bxc4+ Kg7 35. cxd4 cxd4 36. exd4 Re4 37. Rd1 Ra8 38. Bd5 1-0


[Site "https://www.chess.com"]